 Dungeon Crawl Stone Soup version 0.21-a0-41-g5e91fef (webtiles) character file.

22 blackwizard the Caller (level 2, -5/24 HPs)
             Began as a Troll Summoner on June 4, 2017.
             Killed from afar by Natasha (8 damage)
             ... with a magic dart
             ... on level 2 of the Dungeon.
             The game lasted 00:04:53 (1079 turns).

blackwizard the Caller (Troll Summoner)             Turns: 1079, Time: 00:04:53

Health: -5/24      AC:  5    Str: 15    XL:     2   Next: 68%
Magic:  2/3        EV: 10    Int: 11    God:
Gold:   45         SH:  0    Dex: 10    Spells: 2/3 levels left

rFire    . . .     SeeInvis .   o - +0 short sword
rCold    . . .     Gourm    +   (no shield)
rNeg     . . .     Faith    .   a - +0 robe
rPois    .         Spirit   .   (helmet restricted)
rElec    .         Reflect  .   (no cloak)
rCorr    .         Harm     .   (gloves unavailable)
MR       .....                  (boots unavailable)
Stlth    +.........             (no amulet)
Regen    0.5/turn               (no ring)
MPRegen  0.1/turn               (no ring)

@: no status effects
A: unfitting armour, claws 3, fast metabolism 3, gourmand, regeneration 1,
shaggy fur 1, tough skin 2
a: no special abilities


You were on level 2 of the Dungeon.
You were not hungry.

You visited 1 branch of the dungeon, and saw 2 of its levels.

You collected 45 gold pieces.

Inventory:

Hand Weapons
 n - a +0 club
 o - a +0 short sword (weapon)
Missiles
 k - 29 bolts
 r - 14 sling bullets
 s - 22 stones (quivered)
Armour
 a - a +0 robe (worn)
 d - a +2 pair of gloves of archery
Scrolls
 e - 4 scrolls of remove curse {unknown}
 f - a scroll of immolation {unknown}
 g - 4 scrolls of identify {unknown}
 j - a scroll of fog {unknown}
 u - a scroll of magic mapping {unknown}
Potions
 h - 2 potions of curing {unknown}
 l - 2 potions of agility {unknown}
 m - a potion of heal wounds {unknown}
Books
 b - a book of Callings

   Spells                             Type                      Level
   a - Summon Small Mammal            Summoning                    1
   b - Call Imp                       Summoning                    2
   c - Call Canine Familiar           Summoning                    3
   d - Summon Guardian Golem          Hexes/Summoning              3
   e - Summon Lightning Spire         Summoning/Air                4
   f - Summon Ice Beast               Ice/Summoning                4
Comestibles
 c - a bread ration
 p - a royal jelly
 q - a meat ration
 t - a chunk of flesh


   Skills:
 + Level 0.1 Fighting
 + Level 0.1 Short Blades
 + Level 1.7 Dodging
 + Level 1.0 Stealth
 + Level 0.6 Unarmed Combat
 + Level 1.3 Spellcasting
 + Level 3.3 Summonings


You had 2 spell levels left.
You knew the following spells:

 Your Spells              Type           Power        Failure   Level  Hunger
a - Summon Small Mammal   Summ           #...         9%          1    ##.....


Dungeon Overview and Level Annotations

Branches:
Dungeon (2/15)

Altars:

Annotations:
D:2 Natasha


Innate Abilities, Weirdness & Mutations

You are too large for most types of armour.
You have claws for hands.
Your metabolism is lightning-fast.
You like to eat raw meat.
Your natural rate of healing is unusually fast.
You are covered in fur. (AC +1)
You have very tough skin. (AC +2)


Message History

Your bat writhes in agony!
Your bat dies!
Your bat's corpse disappears in a puff of smoke!
Your bat hits the white imp.
The white imp laughs crazily.
The white imp closely misses your bat.
Your magical contamination has completely faded away.
Your bat barely misses the white imp.
Your bat hits the white imp but does no damage.
The white imp hits your bat. The white imp freezes your bat.
Your bat dies!
Your bat's corpse disappears in a puff of smoke!
Natasha wildly gestures.
You feel troubled. The white imp gestures at you. The puff of frost hits you!
* * * LOW HITPOINT WARNING * * *
Natasha casts a spell at you. The magic dart hits you!
You die...

......####### # ##........#
.#.#.##......################
....<...###........รท........#
.#.###### #.###############.#
# #.# #.# #.# #.# #.###### #..
#.....@# #.. ######.#######
##.# ####........ .# #..
..##..###### .# #.# #.##..#
#.# #.##5.# #.# #.##.h# #.#
######.##..# #.# #........))#


You could see Natasha and a white imp.

Vanquished Creatures
  An ooze (D:1)
  A leopard gecko (D:1)
  A giant cockroach (D:2)
  2 hobgoblins
  2 jackals (D:2)
  2 bats (D:1)
  3 goblins
  A kobold (D:2)
  3 rats
16 creatures vanquished.

Vanquished Creatures (collateral kills)
  A goblin (D:1)
1 creature vanquished.

Grand Total: 17 creatures vanquished

Notes
Turn   | Place    | Note
-------+----------+-------------------------------------------
     0 | D:1      | blackwizard the Troll Summoner began the quest for the Orb.
     0 | D:1      | Reached XP level 1. HP: 16/16 MP: 1/1
    35 | D:1      | Reached skill level 3 in Summonings
   227 | D:1      | Reached XP level 2. HP: 18/24 MP: 0/2
  1045 | D:2      | Noticed Natasha
  1057 | D:2      | Noticed a crimson imp
  1079 | D:2      | Killed from afar by Natasha

Vault maps used:
D:1:      lemuel_arrival_hallway
D:2:      nicolae_dithmenos_shadow_blocks, uniq_natasha

Skill      XL: |  1 |
---------------+----+-----
Summonings     | 3 |  3.3
Fighting       | |  0.1
Short Blades   | |  0.1
Dodging        | |  1.7
Stealth        | |  1.0
Unarmed Combat | |  0.6
Spellcasting   | |  1.3

Action                   || total
-------------------------++-------
Melee: Unarmed           ||    23
       Short sword       ||    35
 Cast: Summon Small Mamm ||    16
  Eat: Chunk             ||     3
       Bread ration      ||     1
Armor: Robe              ||    42
Dodge: Dodged            ||    49
